[Event "Titled Tuesday Blitz November 14 Early 2023"]
[White "LeoLV10"]
[Black "Quirke, Jeffrey"]
[BlackFideId "2013029"]
[WhiteElo "2527"]
[BlackElo "2281"]
[Result "0-1"]
[Round "9"]
[TimeControl "180+1"]
[Date "2023.11.14"]
[WhiteClock "0:00:17"]
[BlackClock "0:00:29"]
[Board "99"]

1. e4 e6 2. d4 d5 3. e5 c5 4. c3 Nc6 5. Nf3 Nge7 6. Bd3 cxd4 7. cxd4 Nf5 8. Bxf5 exf5 9. Nc3 Be6 10. O-O h6 11. a3 g5 12. b4 Be7 13. Na4 b6 14. Qd3 Rc8 15. Bb2 Qd7 16. Nc3 f4 17. Rac1 Bf5 18. Qb5 g4 19. Nxd5 gxf3 20. Rfe1 Rg8 21. Nf6+ Bxf6 22. exf6+ Kf8 23. d5 Rxg2+ 24. Kh1 Bd3 25. Re8+ Rxe8 26. Qxd3 Qh3 27. d6 Qxh2# 0-1


[Site "https://www.chess.com"]

[Event "Titled Tuesday Blitz November 14 Early 2023"]
[White "Samarth J Rao"]
[Black "Mestnikov, Aisen"]
[WhiteFideId "46652370"]
[BlackFideId "34130117"]
[WhiteElo "2086"]
[BlackElo "2402"]
[Result "0-1"]
[Round "9"]
[TimeControl "180+1"]
[Date "2023.11.14"]
[WhiteClock "0:02:28"]
[BlackClock "0:02:31"]
[Board "100"]

1. Nf3 Nf6 2. c4 g6 3. b3 Bg7 4. Bb2 O-O 5. e3 c5 6. Be2 Nc6 7. O-O b6 8. d4 d5 9. dxc5 bxc5 10. Nc3 d4 11. Na4 Ne4 12. Bd3 Nc3 13. Bxc3 dxc3 14. Qc2 Nb4 0-1


[Site "https://www.chess.com"]

[Event "Titled Tuesday Blitz November 14 Early 2023"]
[White "Cheer_Down"]
[Black "Belov, Alexei"]
[BlackFideId "4128206"]
[WhiteElo "2391"]
[BlackElo "2598"]
[Result "1-0"]
[Round "9"]
[TimeControl "180+1"]
[Date "2023.11.14"]
[WhiteClock "0:00:53"]
[BlackClock "0:00:53"]
[Board "102"]

1. c4 e6 2. d4 d5 3. Nc3 Be7 4. Nf3 Nf6 5. g3 O-O 6. Bg2 dxc4 7. Ne5 Nc6 8. Bxc6 bxc6 9. Nxc6 Qe8 10. Nxe7+ Qxe7 11. Qa4 e5 12. dxe5 Qxe5 13. Qxc4 Be6 14. Bf4 Qh5 15. Qxc7 Rfc8 16. Qe5 Qg6 17. O-O h6 18. f3 Qc2 19. Bxh6 Qxb2 20. Qg5 Ne8 21. Ne4 Kh7 22. Bxg7 Qxg7 23. Qh4+ Kg8 24. Rac1 Bxa2 25. Qe7 f5 26. Qxg7+ Kxg7 27. Nc5 Kf6 28. e4 Rc6 29. Nd7+ Ke7 30. Rxc6 Kxd7 31. Ra6 fxe4 32. Rxa2 1-0


[Site "https://www.chess.com"]

[Event "Titled Tuesday Blitz November 14 Early 2023"]
[White "Larino Nieto, David"]
[Black "Melikhov, Evgeny V."]
[WhiteFideId "2256444"]
[BlackFideId "4122046"]
[WhiteElo "2595"]
[BlackElo "2385"]
[Result "1-0"]
[Round "9"]
[TimeControl "180+1"]
[Date "2023.11.14"]
[WhiteClock "0:00:40"]
[BlackClock "0:00:07"]
[Board "103"]

1. a3 d5 2. b3 Bg4 3. c3 Nd7 4. d3 e5 5. Ra2 Bd6 6. f3 Bh5 7. h4 e4 8. g4 Bg3+ 9. Kd2 Bg6 10. h5 Qf6 11. hxg6 Qxg6 12. Kc2 O-O-O 13. Kb2 Ngf6 14. Ka1 h5 15. g5 Ne8 16. f4 f5 17. d4 h4 18. e3 c6 19. Rg2 Nc7 20. Ne2 Ne6 21. Rh3 c5 22. Nxg3 hxg3 23. Rgxg3 Kb8 24. Rxh8 Rxh8 25. Rh3 Rc8 26. Bb2 cxd4 27. cxd4 Nb6 28. Nc3 Nxg5 29. fxg5 Qxg5 30. Ka2 Qg1 31. Be2 Qf2 32. Qf1 Qxf1 33. Bxf1 g5 34. Rh5 Rg8 35. Bh3 f4 36. exf4 gxf4 37. Nxd5 Nxd5 38. Rxd5 Rg3 39. Bf5 e3 40. Rc5 b6 41. Rc8+ Kb7 42. Re8 Rg1 43. d5 Rd1 44. Re7+ Ka6 45. Bc8+ Kb5 46. a4+ Kc5 47. Bb7 f3 48. Re4 f2 49. Ba3# 1-0


[Site "https://www.chess.com"]

[Event "Titled Tuesday Blitz November 14 Early 2023"]
[White "Ezat, Mohamed"]
[Black "Skaric, Djuro"]
[WhiteFideId "10600906"]
[BlackFideId "934569"]
[WhiteElo "2590"]
[BlackElo "2372"]
[Result "1-0"]
[Round "9"]
[TimeControl "180+1"]
[Date "2023.11.14"]
[WhiteClock "0:00:49"]
[BlackClock "0:00:57"]
[Board "104"]

1. d4 d6 2. c4 g6 3. Nc3 Bg7 4. e4 Nf6 5. Be2 O-O 6. Bg5 Nc6 7. d5 Ne5 8. Nf3 Nxf3+ 9. Bxf3 h6 10. Bf4 e5 11. Be3 Ne8 12. g4 a6 13. Qd2 Kh7 14. h4 f5 15. gxf5 gxf5 16. exf5 Bxf5 17. Ne4 Nf6 18. Ng5+ Kg8 19. Ne6 Bxe6 20. dxe6 e4 21. Bxh6 exf3 22. Qg5 Ne8 23. e7 Qd7 24. exf8=Q+ Kxf8 25. O-O-O Qf7 26. Rd4 Bxh6 27. Qxh6+ Ke7 28. Re1+ Kd7 29. Rf4 Qg8 30. b3 b6 31. Rf8 Qg4 32. Qh7+ Kc6 33. Qe4+ Qxe4 34. Rxe4 Kd7 35. h5 d5 36. cxd5 Nd6 37. Ref4 Ne4 38. Rxa8 Nxf2 39. Rxf3 Nd3+ 40. Rxd3 1-0


[Site "https://www.chess.com"]

[Event "Titled Tuesday Blitz November 14 Early 2023"]
[White "Lund, Gunnar"]
[Black "Mejia, Cherry Ann"]
[WhiteFideId "1520814"]
[BlackFideId "5206880"]
[WhiteElo "2545"]
[BlackElo "2365"]
[Result "1-0"]
[Round "9"]
[TimeControl "180+1"]
[Date "2023.11.14"]
[WhiteClock "0:00:49"]
[BlackClock "0:00:00"]
[Board "105"]

1. h4 e5 2. a4 Nc6 3. a5 a6 4. h5 h6 5. g4 d5 6. g5 Qxg5 7. d4 Qd8 8. dxe5 Nxe5 9. Bg2 Nf6 10. Nf3 Bd6 11. b4 Bxb4+ 12. Nbd2 Neg4 13. O-O O-O 14. Bb2 Nxh5 15. c4 Nf4 16. cxd5 Nxg2 17. Kxg2 Qxd5 18. Qb3 Qxb3 19. Nxb3 Be6 20. Nbd4 Rfe8 21. Kg3 Nf6 22. Nxe6 Rxe6 23. e3 Ne4+ 24. Kh3 g5 25. Nd4 Rg6 26. Nf5 Rd8 27. f3 Nd2 28. Rfd1 h5 29. Ba3 Bxa3 30. Rxa3 Rf6 31. e4 Kh7 32. Ra2 g4+ 33. fxg4 hxg4+ 34. Kg2 Nxe4 35. Rxd8 Rxf5 36. Rd7 b6 37. axb6 cxb6 38. Rxa6 b5 39. Rd4 Re5 40. Ra1 Kg7 41. Rc1 Kg6 42. Rc6+ f6 43. Rd8 Kg5 44. Rc1 f5 45. Rg8+ Kf4 46. Rf1+ Ke3 47. Rd8 b4 48. Re1+ Kf4 49. Rf1+ Kg5 50. Rg8+ Kf6 51. Rb8 Nd2 52. Rf2 Nc4 53. Rxb4 Ne3+ 54. Kg1 Nd5 55. Rxg4 Ne3 56. Ra4 Kg5 57. Ra8 Ng4 58. Rg8+ Kf6 59. Rxg4 Ke6 60. Ra4 Kf6 61. Raa2 Kg5 62. Kg2 Kf6 63. Ra4 Kg5 64. Ra3 Kg4 65. Rg3+ Kh4 66. Rg8 Kh5 67. Kf3 1-0


[Site "https://www.chess.com"]

[Event "Titled Tuesday Blitz November 14 Early 2023"]
[White "ploxoi"]
[Black "Bogaudinov, Rushan"]
[BlackFideId "4129288"]
[WhiteElo "2458"]
[BlackElo "2348"]
[Result "1-0"]
[Round "9"]
[TimeControl "180+1"]
[Date "2023.11.14"]
[WhiteClock "0:01:01"]
[BlackClock "0:00:05"]
[Board "106"]

1. d4 d5 2. c4 e6 3. Nf3 Nf6 4. g3 Be7 5. Bg2 O-O 6. O-O c6 7. Qc2 Nbd7 8. Nbd2 Re8 9. e4 dxe4 10. Nxe4 b6 11. Rd1 Bb7 12. Bf4 Nf8 13. Be5 Ng6 14. Bxf6 Bxf6 15. Nxf6+ Qxf6 16. Qe4 Rab8 17. c5 Red8 18. b4 Rd5 19. h4 Rbd8 20. Rab1 h5 21. Rd2 bxc5 22. bxc5 Ba6 23. Rb4 e5 24. dxe5 Qe6 25. Ng5 Qe7 26. Rxd5 cxd5 27. Qd4 Qxe5 28. Nf3 Qxd4 29. Nxd4 Bc4 30. Rb7 a6 31. Bh3 Ne5 32. c6 Nxc6 33. Nxc6 Rd6 34. Ne7+ Kf8 35. Nf5 Rd8 36. a4 d4 37. Rc7 Be6 38. Rc2 g6 39. Nxd4 Bxh3 40. Nb3 Bf5 41. Rc3 Rd1+ 42. Kg2 Rd3 43. Rxd3 Bxd3 44. a5 Ke7 45. Kf3 Bc4 46. Nd2 Bd5+ 47. Ke3 Kd6 48. Kd4 Bc6 49. Nc4+ Kc7 50. Kc5 Be8 51. Nd6 Bc6 52. Nxf7 Be4 53. Ne5 Kd8 54. Kb6 Ke7 55. Kxa6 Ke6 56. Nc4 Kd5 57. Ne3+ Kd4 58. g4 hxg4 59. Nxg4 Bf3 60. Nh2 Bh5 61. Kb6 Be2 62. a6 Bc4 63. Ng4 Bd5 64. Nf6 Bf3 65. a7 Kd3 66. h5 gxh5 67. Nxh5 Ke2 68. Nf4+ Kxf2 69. Ne6 Ke3 70. Nc5 Bd5 71. Nb7 Kd4 72. a8=Q Bc4 73. Qa5 1-0


[Site "https://www.chess.com"]

[Event "Titled Tuesday Blitz November 14 Early 2023"]
[White "Foisor, Sabina-Francesca"]
[Black "Bommini Mounika Akshaya"]
[WhiteFideId "1212915"]
[BlackFideId "25019872"]
[WhiteElo "2451"]
[BlackElo "2310"]
[Result "1-0"]
[Round "9"]
[TimeControl "180+1"]
[Date "2023.11.14"]
[WhiteClock "0:00:47"]
[BlackClock "0:00:05"]
[Board "107"]

1. d4 Nf6 2. c4 e6 3. Nc3 Bb4 4. Qc2 O-O 5. Nf3 d5 6. Bg5 h6 7. Bxf6 Qxf6 8. e3 b6 9. a3 Bxc3+ 10. bxc3 Bb7 11. cxd5 Bxd5 12. e4 Qg6 13. Bd3 Qxg2 14. Ke2 Bb7 15. Rag1 Qh3 16. Rg3 Qh5 17. Rhg1 g6 18. e5 Kh8 19. Be4 Nc6 20. Rg4 f5 21. exf6 Rxf6 22. Bxg6 Nxd4+ 23. Nxd4 Qxh2 24. Ke1 Raf8 25. f4 Rxf4 26. Qxh2 1-0


[Site "https://www.chess.com"]

[Event "Titled Tuesday Blitz November 14 Early 2023"]
[White "alfianasybullina"]
[Black "Osinovsky, Stepan"]
[BlackFideId "4157354"]
[WhiteElo "2290"]
[BlackElo "2432"]
[Result "1-0"]
[Round "9"]
[TimeControl "180+1"]
[Date "2023.11.14"]
[WhiteClock "0:01:30"]
[BlackClock "0:00:09"]
[Board "108"]

1. d4 Nf6 2. Nf3 g6 3. Bf4 Bg7 4. Nc3 O-O 5. e4 d5 6. e5 Ne4 7. Bd3 f5 8. exf6 Nxc3 9. bxc3 exf6 10. O-O Nd7 11. c4 Nb6 12. cxd5 Qxd5 13. Bxc7 Bg4 14. Bxb6 axb6 15. Be2 Rxa2 16. Rxa2 Qxa2 17. h3 Be6 18. Qb1 Rc8 19. Bd3 f5 20. Qxb6 Bd5 21. Re1 Bxf3 22. gxf3 Qd5 23. c4 Qxd4 24. Qe6+ 1-0


[Site "https://www.chess.com"]

[Event "Titled Tuesday Blitz November 14 Early 2023"]
[White "Azali, Tannaz"]
[Black "VitaliyChayka"]
[WhiteFideId "12537721"]
[WhiteElo "2404"]
[BlackElo "2250"]
[Result "0-1"]
[Round "9"]
[TimeControl "180+1"]
[Date "2023.11.14"]
[WhiteClock "0:00:05"]
[BlackClock "0:00:19"]
[Board "110"]

1. d4 d6 2. c4 e5 3. d5 Be7 4. Nc3 Bg5 5. e4 Bxc1 6. Rxc1 Nd7 7. g3 a5 8. Bg2 Nc5 9. Nge2 Nf6 10. O-O O-O 11. b3 Bd7 12. a3 Qe7 13. b4 axb4 14. axb4 Na6 15. Rb1 c5 16. bxc5 Nxc5 17. Qc2 Rfc8 18. Ra1 Qd8 19. h3 Rxa1 20. Rxa1 Ra8 21. Rb1 Qc8 22. Kh2 Na4 23. Nxa4 Rxa4 24. c5 dxc5 25. Nc3 Rd4 26. Rb6 c4 27. Qb2 Rd3 28. Rxb7 Qc5 29. Rb8+ Ne8 30. Bf1 Rd4 31. Bg2 h6 32. Rd8 Qe7 33. Qb8 Kh7 34. d6 Qxd6 35. Rxe8 Bxe8 36. Qxe8 Qf6 37. Qc8 Qxf2 38. Qf5+ Qxf5 39. exf5 Rd3 40. Ne4 c3 41. f6 c2 0-1


[Site "https://www.chess.com"]

[Event "Titled Tuesday Blitz November 14 Early 2023"]
[White "Ghosh, Chanchal Kumer"]
[Black "Sharafiev, Azat"]
[WhiteFideId "10201858"]
[BlackFideId "4186214"]
[WhiteElo "2143"]
[BlackElo "2392"]
[Result "0-1"]
[Round "9"]
[TimeControl "180+1"]
[Date "2023.11.14"]
[WhiteClock "0:00:00"]
[BlackClock "0:02:01"]
[Board "111"]

1. e4 c5 2. Nf3 d6 3. d4 cxd4 4. Nxd4 Nf6 5. Nc3 a6 6. Be2 e5 7. Nb3 Be6 8. Be3 Be7 9. g4 Nc6 10. g5 Nd7 11. Rg1 b5 12. Qd2 Qc7 13. O-O-O O-O-O 14. Bxb5 axb5 15. Nxb5 Qb8 16. Qc3 Qxb5 17. Rd5 Bxd5 18. exd5 Nb8 19. Rd1 Rd7 20. dxc6 Rc7 21. Rd3 Nxc6 22. Qd2 Nb4 23. Rc3 Nxa2+ 24. Kb1 Nxc3+ 25. bxc3 Kd7 26. Kc1 Rhc8 27. Qd1 Rxc3 28. Qg4+ Kd8 29. Na1 Qc6 30. Qf5 Qa4 31. Bb6+ Ke8 32. Kd2 Qxa1 33. Qxh7 Rxc2+ 0-1


[Site "https://www.chess.com"]

[Event "Titled Tuesday Blitz November 14 Early 2023"]
[White "Al-Tarboush, Ward"]
[Black "Marcziter, Dmitrii"]
[WhiteFideId "7601450"]
[BlackFideId "13900765"]
[WhiteElo "2606"]
[BlackElo "2405"]
[Result "1-0"]
[Round "9"]
[TimeControl "180+1"]
[Date "2023.11.14"]
[WhiteClock "0:00:03"]
[BlackClock "0:00:03"]
[Board "112"]

1. e4 c5 2. Nf3 e6 3. d4 cxd4 4. Nxd4 a6 5. Bd3 Bc5 6. Nb3 Ba7 7. Qe2 Nc6 8. Nc3 Nge7 9. Be3 Bxe3 10. Qxe3 O-O 11. h4 f5 12. e5 Nb4 13. f4 Ned5 14. Nxd5 Nxd5 15. Qd2 b5 16. O-O-O Bb7 17. Rhg1 Qxh4 18. g3 Qe7 19. Rh1 a5 20. Rh2 g6 21. Rdh1 Rf7 22. Bxb5 a4 23. Nd4 a3 24. b3 Nb4 25. Rd1 Nxa2+ 26. Kb1 Nb4 27. Ka1 Rc8 28. c3 Nc6 29. c4 Nxd4 30. Qxd4 Bc6 31. Bxc6 Rxc6 32. Ka2 Qd8 33. Qa7 Rc8 34. Rd6 Ra8 35. Qb6 Qc8 36. Rhd2 Rb8 37. Qd4 Qb7 38. Qc3 Ra8 39. c5 Ra6 40. Qc4 Rxd6 41. cxd6 Rf8 42. Qc7 Qb4 43. Rc2 Rb8 44. Qc3 Qe4 45. Kxa3 Ra8+ 46. Kb2 Qb7 47. Qc7 Qa6 48. Kc1 Qa1+ 49. Kd2 Qd4+ 50. Ke2 Qe4+ 51. Kf2 Qd4+ 52. Kg2 Qe4+ 53. Kf2 Ra1 54. Qd8+ Kg7 55. Qe7+ Kh6 56. Qg5+ Kg7 57. Qf6+ Kh6 58. Re2 Qd4+ 59. Kg2 Qd5+ 60. Kh3 Qh1+ 61. Rh2 Qf1+ 62. Kh4 Qf3 63. Qf8# 1-0


[Site "https://www.chess.com"]

[Event "Titled Tuesday Blitz November 14 Early 2023"]
[White "Perez Rodriguez, Luis Manuel"]
[Black "Herman, Daniel"]
[WhiteFideId "3503364"]
[BlackFideId "30935008"]
[WhiteElo "2578"]
[BlackElo "2405"]
[Result "1-0"]
[Round "9"]
[TimeControl "180+1"]
[Date "2023.11.14"]
[WhiteClock "0:01:51"]
[BlackClock "0:00:02"]
[Board "113"]

1. e4 e6 2. d4 d5 3. e5 c5 4. c3 Nc6 5. Nf3 Bd7 6. Bd3 Qb6 7. dxc5 Bxc5 8. O-O Nh6 9. b4 Be7 10. a4 Ng4 11. Qe2 Qc7 12. Bf4 g5 13. Nxg5 Ngxe5 14. Nxf7 Kxf7 15. b5 Bd6 16. bxc6 bxc6 17. Bxe5 Bxe5 18. f4 Bf6 19. Nd2 Bxc3 20. Rac1 Bxd2 21. Qxd2 Rag8 22. f5 e5 23. Qh6 Bc8 24. Rxc6 Qe7 25. Be2 Qg5 26. Bh5+ Ke7 27. Qd6# 1-0


[Site "https://www.chess.com"]

[Event "Titled Tuesday Blitz November 14 Early 2023"]
[White "Ron_Weasley_Chess"]
[Black "Iskusnyh, Sergei"]
[BlackFideId "4120027"]
[WhiteElo "2397"]
[BlackElo "2534"]
[Result "0-1"]
[Round "9"]
[TimeControl "180+1"]
[Date "2023.11.14"]
[WhiteClock "0:00:02"]
[BlackClock "0:01:01"]
[Board "114"]

1. Nf3 d5 2. g3 Nf6 3. Bg2 c6 4. c4 Bf5 5. b3 e6 6. Bb2 Be7 7. O-O h6 8. d3 O-O 9. Nc3 Nbd7 10. Qc2 Bh7 11. e4 dxe4 12. dxe4 Nc5 13. Rad1 Qc7 14. Nd4 a5 15. a3 Rfd8 16. Rfe1 Qb6 17. f4 Rxd4 18. Rxd4 Nxb3 19. Ne2 Bc5 20. Rd1 Rd8 21. Qc3 Bxe4 22. Qe3 Nxd4 23. Bxd4 Bxd4 24. Rxd4 Rxd4 25. Qxd4 Qxd4+ 26. Nxd4 Bxg2 27. Kxg2 Ne4 28. Nb3 a4 29. Na5 Nc5 30. Kf3 f6 31. Ke3 e5 32. fxe5 fxe5 33. Kf3 Kf7 34. Ke3 Ke6 0-1


[Site "https://www.chess.com"]

[Event "Titled Tuesday Blitz November 14 Early 2023"]
[White "UK_23"]
[Black "Kochiev, Ivan"]
[BlackFideId "2917890"]
[WhiteElo "2396"]
[BlackElo "2522"]
[Result "1-0"]
[Round "9"]
[TimeControl "180+1"]
[Date "2023.11.14"]
[WhiteClock "0:00:38"]
[BlackClock "0:00:00"]
[Board "115"]

1. e4 e5 2. Nf3 Nf6 3. Nxe5 Nc6 4. Nxc6 dxc6 5. Nc3 Bc5 6. Be2 Qd4 7. O-O Nxe4 8. Nxe4 Qxe4 9. c3 O-O 10. d4 Bd6 11. Bf3 Qg6 12. Be3 Bf5 13. Qb3 Rae8 14. Rfe1 Be4 15. Bxe4 Rxe4 16. Qxb7 Rfe8 17. Qxa7 Bxh2+ 18. Kxh2 Rh4+ 19. Kg1 Qh5 20. f3 Rh1+ 21. Kf2 Qh4+ 22. Ke2 Rh2 23. Kd3 Rxg2 24. Bg5 1-0


[Site "https://www.chess.com"]

[Event "Titled Tuesday Blitz November 14 Early 2023"]
[White "MarijaKuznecova"]
[Black "Tifferet, Shaked"]
[BlackFideId "2811529"]
[WhiteElo "2375"]
[BlackElo "2512"]
[Result "0-1"]
[Round "9"]
[TimeControl "180+1"]
[Date "2023.11.14"]
[WhiteClock "0:00:00"]
[BlackClock "0:00:36"]
[Board "116"]

1. e4 c5 2. Nf3 a6 3. d4 cxd4 4. Nxd4 Nf6 5. Bd3 e5 6. Nb3 d5 7. exd5 Nxd5 8. O-O Nc6 9. Qf3 Be7 10. Bc4 Nf6 11. Nc3 O-O 12. Bg5 Nd4 13. Nxd4 Qxd4 14. Bd3 h6 15. Be3 Qg4 16. Nd5 Nxd5 17. Qxd5 Qe6 18. Qa5 Qc6 19. c3 Rd8 20. Qxe5 Rxd3 21. Qxe7 Be6 22. Bd4 Qe4 23. Rae1 Qg6 24. Qxb7 Rd8 25. Qe4 Bf5 26. Qh4 Rb8 27. Re3 Rxe3 28. Bxe3 Rxb2 29. Qd4 Rxa2 30. Qd8+ Kh7 31. Kh1 Be4 32. Rg1 Qxg2+ 0-1


[Site "https://www.chess.com"]

[Event "Titled Tuesday Blitz November 14 Early 2023"]
[White "Arngrimsson, Dagur"]
[Black "Matveeva, Olga"]
[WhiteFideId "2301288"]
[BlackFideId "24107018"]
[WhiteElo "2511"]
[BlackElo "2371"]
[Result "1-0"]
[Round "9"]
[TimeControl "180+1"]
[Date "2023.11.14"]
[WhiteClock "0:01:56"]
[BlackClock "0:00:49"]
[Board "117"]

1. e4 c6 2. d4 d5 3. Nc3 dxe4 4. Nxe4 Nf6 5. Nxf6+ exf6 6. Nf3 Bd6 7. Be3 O-O 8. Qd2 Re8 9. O-O-O Nd7 10. h4 Nf8 11. h5 Be6 12. Bd3 Bxa2 13. g4 Bd5 14. Rh3 a5 15. g5 fxg5 16. Nxg5 a4 17. c4 Be6 18. h6 g6 19. Rf3 Bg4 20. Rxf7 Bxd1 21. Rg7+ 1-0


[Site "https://www.chess.com"]

[Event "Titled Tuesday Blitz November 14 Early 2023"]
[White "Shubenkova, Veronika"]
[Black "Dmitrenko, Viktor"]
[WhiteFideId "44124040"]
[BlackFideId "14110270"]
[WhiteElo "2505"]
[BlackElo "2366"]
[Result "1-0"]
[Round "9"]
[TimeControl "180+1"]
[Date "2023.11.14"]
[WhiteClock "0:01:56"]
[BlackClock "0:00:00"]
[Board "118"]

1. c4 c5 2. Nc3 Nc6 3. g3 e5 4. Bg2 g6 5. d3 Bg7 6. e4 Nge7 7. Be3 d6 8. Nge2 O-O 9. O-O f5 10. f4 Be6 11. Nd5 Qd7 12. Nec3 Nd4 13. Nxe7+ Qxe7 14. Nd5 Qd7 15. Qd2 Rab8 16. Rac1 b5 17. b3 bxc4 18. Rxc4 Bxd5 19. exd5 Rfe8 20. fxe5 Bxe5 21. Kh1 Bg7 22. b4 Rxb4 23. Rxb4 cxb4 24. Bxd4 Bxd4 25. Qxb4 Bc5 26. Qc4 Qe7 27. d4 Bb6 28. Qa4 Kf7 29. g4 Qg5 30. gxf5 gxf5 31. Qd7+ Re7 32. Rxf5+ Qxf5 33. Qxf5+ Ke8 34. Bh3 Re1+ 35. Kg2 Re7 36. Qc8+ Kf7 37. Be6+ Kf6 38. Qf8+ 1-0


[Site "https://www.chess.com"]

[Event "Titled Tuesday Blitz November 14 Early 2023"]
[White "Rietze, Clemens, Dr."]
[Black "Garrido, Denis"]
[WhiteFideId "24620351"]
[BlackFideId "601217"]
[WhiteElo "2500"]
[BlackElo "2354"]
[Result "1-0"]
[Round "9"]
[TimeControl "180+1"]
[Date "2023.11.14"]
[WhiteClock "0:01:02"]
[BlackClock "0:01:37"]
[Board "119"]

1. d4 d5 2. c4 c6 3. Nf3 Nf6 4. Nc3 dxc4 5. a4 Bf5 6. Ne5 e6 7. g3 Bb4 8. Bg2 Be4 9. f3 Bg6 10. Nxc4 c5 11. dxc5 Qxd1+ 12. Kxd1 Bxc5 13. e4 Nc6 14. Be3 Bxe3 15. Nxe3 Ke7 16. Ke2 Nd4+ 17. Kf2 Rhd8 18. f4 Rac8 19. e5 Nd5 20. Bxd5 exd5 21. Rhd1 Nf5 22. Nexd5+ Kf8 23. g4 Ne7 1-0


[Site "https://www.chess.com"]

[Event "Titled Tuesday Blitz November 14 Early 2023"]
[White "Jakubowska, Anna"]
[Black "Kanyamarala, Trisha"]
[WhiteFideId "1121952"]
[BlackFideId "45004722"]
[WhiteElo "2349"]
[BlackElo "2492"]
[Result "0-1"]
[Round "9"]
[TimeControl "180+1"]
[Date "2023.11.14"]
[WhiteClock "0:01:14"]
[BlackClock "0:00:35"]
[Board "120"]

1. e4 c5 2. Nc3 d6 3. g3 g6 4. Bg2 Bg7 5. d3 Nc6 6. Nh3 Nf6 7. O-O O-O 8. f4 Rb8 9. f5 b5 10. g4 b4 11. Nb1 Qb6 12. Be3 Ne5 13. g5 Nfg4 14. Bf4 c4+ 15. d4 gxf5 16. Kh1 Nc6 17. exf5 Bxf5 18. c3 bxc3 19. bxc3 e5 20. Bg3 Ne3 21. Qf3 Nxf1 22. Qxf1 Bxb1 23. d5 Ne7 24. Nf2 f5 25. gxf6 Rxf6 26. Qe2 Qb2 27. Qg4 Qxa1 0-1


[Site "https://www.chess.com"]

[Event "Titled Tuesday Blitz November 14 Early 2023"]
[White "MIss_MIaMI"]
[Black "Hajiyev, Kanan"]
[BlackFideId "13404148"]
[WhiteElo "2346"]
[BlackElo "2470"]
[Result "0-1"]
[Round "9"]
[TimeControl "180+1"]
[Date "2023.11.14"]
[WhiteClock "0:01:00"]
[BlackClock "0:00:33"]
[Board "121"]

1. e4 c6 2. d4 d5 3. exd5 cxd5 4. Bb5+ Nc6 5. c4 a6 6. Ba4 dxc4 7. d5 b5 8. dxc6 bxa4 9. Qxa4 Qc7 10. Ne2 e5 11. O-O Be6 12. Nd2 Rc8 13. Nxc4 Bxc4 14. Qxc4 Qxc6 15. Qg4 Nf6 16. Qg3 Bd6 17. f3 O-O 18. Kh1 Qc4 19. Qe1 Bb4 20. Bd2 Bxd2 21. Qxd2 Rfd8 22. Qe1 Qc2 23. Ng3 Qxb2 24. Nf5 Rd7 25. Rd1 Rxd1 26. Qxd1 Re8 27. Qa4 Qb5 28. Qa3 Qxf1# 0-1


[Site "https://www.chess.com"]

[Event "Titled Tuesday Blitz November 14 Early 2023"]
[White "KorolDimitriy75"]
[Black "Yurasova, Daria"]
[BlackFideId "34146919"]
[WhiteElo "2342"]
[BlackElo "2465"]
[Result "0-1"]
[Round "9"]
[TimeControl "180+1"]
[Date "2023.11.14"]
[WhiteClock "0:00:05"]
[BlackClock "0:00:26"]
[Board "122"]

1. d4 d5 2. c4 dxc4 3. Nf3 Nf6 4. Nc3 e6 5. e4 c5 6. Bxc4 cxd4 7. Qxd4 Qxd4 8. Nxd4 Bb4 9. f3 O-O 10. Ke2 Bd7 11. Be3 Nc6 12. Rhd1 Bxc3 13. bxc3 Ne5 14. Bb3 Rfc8 15. Rac1 Nc4 16. Bg5 e5 17. Nf5 Bxf5 18. exf5 h6 19. Bxf6 gxf6 20. Rd7 b5 21. Rcd1 a5 22. Rb7 a4 23. Bxc4 Rxc4 24. Rdd7 Rf8 25. Kd2 Rc5 26. a3 h5 27. g4 hxg4 28. fxg4 e4 29. h3 e3+ 30. Kd3 e2 31. Re7 e1=Q 32. Rxe1 Rfc8 33. Ree7 Rxc3+ 34. Kd4 R8c4+ 35. Kd5 Rd3# 0-1


[Site "https://www.chess.com"]

[Event "Titled Tuesday Blitz November 14 Early 2023"]
[White "Lebedev, Artem S."]
[Black "Mazurkiewicz, Michal"]
[WhiteFideId "34272747"]
[BlackFideId "1124943"]
[WhiteElo "2341"]
[BlackElo "2438"]
[Result "1-0"]
[Round "9"]
[TimeControl "180+1"]
[Date "2023.11.14"]
[WhiteClock "0:00:19"]
[BlackClock "0:00:18"]
[Board "123"]

1. e4 d6 2. d4 Nf6 3. Nc3 c6 4. a4 e5 5. Nf3 Qc7 6. Bc4 Be7 7. O-O O-O 8. Bg5 Nbd7 9. dxe5 dxe5 10. Qe2 Nc5 11. Bh4 Ne6 12. Bg3 Bd6 13. Rad1 Nh5 14. Nh4 Nhf4 15. Qd2 g6 16. Qxd6 Qb6 17. Bxe6 Nxe6 18. Bxe5 f6 19. Bg3 Qxb2 20. Qd2 Rd8 21. Qe3 Bd7 22. Rb1 Qxc2 23. Rfc1 1-0


[Site "https://www.chess.com"]

[Event "Titled Tuesday Blitz November 14 Early 2023"]
[White "Zivic, Dragan"]
[Black "Mikhalsky, Vladimir"]
[WhiteFideId "904740"]
[BlackFideId "14144352"]
[WhiteElo "2334"]
[BlackElo "2428"]
[Result "1-0"]
[Round "9"]
[TimeControl "180+1"]
[Date "2023.11.14"]
[WhiteClock "0:00:48"]
[BlackClock "0:00:00"]
[Board "124"]

1. c4 c5 2. Nc3 Nf6 3. Nf3 d5 4. cxd5 Nxd5 5. g3 Nc6 6. Bg2 Nc7 7. O-O e5 8. d3 Be7 9. Be3 Bd7 10. Nd2 O-O 11. Nc4 b6 12. a4 Kh8 13. f4 exf4 14. Bxf4 Ne6 15. Bd2 f5 16. Nd5 Bg5 17. Bc3 Ned4 18. e3 Be6 19. Nf4 Bxf4 20. gxf4 Bd5 21. exd4 Bxg2 22. Kxg2 cxd4 23. Bd2 Rf6 24. Qf3 Rg6+ 25. Kh1 a6 26. Rg1 Rxg1+ 27. Rxg1 Rc8 28. Ne5 Nxe5 29. fxe5 Rc2 30. Bg5 Qe8 31. e6 h6 32. Bh4 Qxe6 33. Re1 Qd7 34. Bg3 Rxb2 35. Be5 Qxa4 36. Qg3 Qc6+ 37. Kg1 Qd7 38. Qg6 Kg8 39. Bxg7 1-0


[Site "https://www.chess.com"]

[Event "Titled Tuesday Blitz November 14 Early 2023"]
[White "Estrada Nieto, Julian"]
[Black "Fernandez Siles, Luis"]
[WhiteFideId "5101018"]
[BlackFideId "2209420"]
[WhiteElo "2425"]
[BlackElo "2331"]
[Result "1-0"]
[Round "9"]
[TimeControl "180+1"]
[Date "2023.11.14"]
[WhiteClock "0:00:04"]
[BlackClock "0:00:01"]
[Board "125"]

1. e4 c5 2. Nf3 Nc6 3. Bb5 g6 4. O-O Bg7 5. Bxc6 dxc6 6. d3 Nf6 7. h3 Nd7 8. Nc3 e5 9. Be3 b6 10. Qd2 h6 11. a4 a5 12. Nh2 Nf8 13. f4 exf4 14. Rxf4 Be6 15. Raf1 g5 16. R4f2 Ng6 17. Ng4 Bxg4 18. Rxf7 Bxc3 19. Qxc3 Bh5 20. g4 Rf8 21. Rxf8+ Nxf8 22. gxh5 Qd6 23. Kg2 O-O-O 24. Qf6 Ne6 25. Rf5 Rf8 26. Qe5 Qxe5 27. Rxe5 Kd7 28. Rf5 Rxf5 29. exf5 Ng7 30. Bxg5 Nxf5 31. Bd2 Ke6 32. c3 Kd5 33. Kf3 c4 34. d4 b5 35. axb5 cxb5 36. Kf4 Ke6 37. d5+ Kf6 38. Be1 Ng7 39. Kg4 Ke5 40. Bh4 b4 41. Be1 Kxd5 42. cxb4 a4 43. b5 Ne6 44. Bc3 Kc5 45. Kf5 Nd8 46. Kg6 Nb7 47. Kxh6 Nd6 48. Kg6 Nxb5 49. Bf6 c3 50. bxc3 Kc4 51. h6 a3 52. h7 a2 53. h8=Q a1=Q 54. Qg8+ Kd3 55. Qd5+ Kc2 56. Qxb5 Qg1+ 57. Bg5 Qa7 58. Qf5+ 1-0


[Site "https://www.chess.com"]